 Dungeon Crawl Stone Soup version 0.30-a0-847-g17996783a1 (webtiles) character file.

Game seed: 511473636306394930

1916 cforsyth the Covert (level 9, -1/56 HPs)
             Began as a Kobold Brigand on Mar 4, 2023.
             Slain by an ice beast (11 damage)
             ... on level 6 of the Dungeon.
             The game lasted 00:09:44 (7238 turns).

cforsyth the Covert (Kobold Brigand)                Turns: 7238, Time: 00:09:45

Health: -1/56      AC:  4    Str:  8    XL:     9   Next: 39%
Magic:  9/9        EV: 19    Int: 13    God:
Gold:   414        SH:  0    Dex: 20    Spells: 8/8 levels left

rFire   . . .      SeeInvis .    q - +1 rapier (elec)
rCold   . . .      Faith    .    (no shield)
rNeg    . . .      Spirit   .    b - +0 robe
rPois   .          Reflect  .    (no helmet)
rElec   .          Rampage  .    c - +1 cloak
rCorr   .                        (no gloves)
Will    .....                    (no boots)
Stlth   ++++++                   (no amulet)
HPRegen 0.29/turn                (no ring)
MPRegen 0.11/turn                (no ring)

@: no status effects
A: small, no large weapons, nightstalker 3
a: no special abilities


You were on level 6 of the Dungeon.
You visited 2 branches of the dungeon, and saw 8 of its levels.
You also visited: Sewer.

You collected 414 gold pieces.

Inventory:

Hand Weapons
 a - a +2 dagger
 f - a +3 dagger of venom
 q - a +1 rapier of electrocution (weapon)
Missiles
 d - 13 poisoned darts (quivered)
 e - 4 curare-tipped darts
Armour
 b - a +0 robe (worn)
 c - a +1 cloak (worn)
Jewellery
 p - a ring of fire
 v - a ring of see invisible
Wands
 g - a wand of polymorph (5)
 t - a wand of iceblast (2)
 u - a wand of digging (3)
Scrolls
 i - a scroll of identify
 k - a scroll of enchant weapon
 l - a scroll of fear
 m - a scroll of teleportation
 n - 2 scrolls of enchant armour
 o - a scroll of magic mapping {unknown}
 w - a scroll of noise {unknown}
Potions
 h - 3 potions of curing
 j - 2 potions of brilliance
 r - 4 potions of flight
 s - a potion of magic {unknown}
 x - a potion of ambrosia {unknown}
 z - a potion of heal wounds


   Skills:
 + Level 6.7 Fighting
 + Level 8.0 Short Blades
 - Level 2.1 Throwing
 + Level 7.0 Dodging
 + Level 9.8 Stealth


You had 8 spell levels left.
You didn't know any spells.
Your spell library contained the following spells:

 Spells                   Type           Power      Damage    Failure   Level
 Shock                    Conj/Air       0%         1d3       30%         1
 Blink                    Tloc           0%         N/A       43%         2
 Lesser Beckoning         Tloc           0%         N/A       43%         2
 Momentum Strike          Conj/Tloc      0%         3d8       43%         2
 Swiftness                Air            0%         N/A       67%         3
 Airstrike                Air            0%         2d(0-16)  97%         4


Dungeon Overview and Level Annotations

Branches:
Dungeon (7/15)             Temple (1/1) D:4           Sewer (visited)

Altars:
Ashenzari
Cheibriados
Dithmenos
Elyvilon
Fedhas
Kikubaaqudgha
Makhleb
Nemelex Xobeh
Qazlal
Ru
Sif Muna
Trog
Uskayaw
Vehumet
Wu Jian
Xom
Yredelemnul
Zin
The Shining One

Shops:
D:6 =   D:7 !

Annotations:
D:4 2 transporters


Innate Abilities, Weirdness & Mutations

You are small and have problems with some larger weapons.
You are completely attuned to the shadows.


Message History

You barely miss the gnoll. The gnoll misses you.
You hit the gnoll but do no damage. The gnoll barely misses you.
You puncture the gnoll!
The gnoll is almost dead.
The gnoll misses you. The gnoll attacks as you move away!
The gnoll barely misses you. The gnoll closely misses you.
The gnoll completely misses you.
You hit the gnoll but do no damage.
The gnoll is severely wounded.
The gnoll closely misses you.
You hit the gnoll.
The gnoll is almost dead.
You puncture the gnoll!
You kill the gnoll!
You hit the ice beast.
The ice beast is lightly wounded.
The ice beast hits you but does no damage.
You hit the ice beast but do no damage.
Lightning courses through the ice beast!
The ice beast is heavily wounded.
The ice beast barely misses you.
You hit the ice beast.
The ice beast is heavily wounded.
The ice beast hits you but does no damage.
You hit the ice beast but do no damage.
The ice beast is heavily wounded.
You puncture the ice beast!
The ice beast is severely wounded.
The ice beast hits you. The ice beast freezes you!
You closely miss the ice beast.
The ice beast is severely wounded.
The ice beast hits you. The ice beast freezes you!
* * * LOW HITPOINT WARNING * * *
You hit the ice beast but do no damage.
The ice beast is severely wounded.
The ice beast hits you.
* * * LOW HITPOINT WARNING * * *
The ice beast freezes you!
You die...

#.(........ #..........
.......... ##.........
..........h #..........
.......... ###### #.......)..
........### .....####..........
..........#######...............
..#...###...#####...............
......g...g.ghY@....#..........#
....###############.##.#........
#... #.##.....###.# #...
#.####...#~### #.## #.#
##.#.#~'~~ ... ... ...#.#.'~~ ..#
#.# #..#.#~### ..# #.# #....###.#
.###################.###.........


You could see an ice beast, a hound and a gnoll.

Vanquished Creatures
  An ugly thing (D:7)
  2 water moccasins
  A black bear (D:5)
  2 ogres (D:7)
  A centaur (D:6)
  A phantom (D:6)
  A kobold brigand (D:5)
  A bullfrog (D:6)
  A scorpion (D:5)
  A howler monkey (D:7)
  3 jellies
  A hound (D:5)
  2 sleepcaps
  4 iguanas
  6 orc wizards
  8 adders
  2 gnolls (D:6)
  2 river rats (D:6)
  2 white imps
  3 ufetubi (D:7)
  2 worms (D:2)
  A dart slug (D:3)
  15 orcs
  7 ball pythons
  9 endoplasms
  2 giant cockroaches
  9 goblins
  8 hobgoblins
  17 jackals
  7 quokkas
  4 bats
  4 frilled lizards
  11 kobolds
  6 rats
147 creatures vanquished.

Vanquished Creatures (others)
  A human (D:3)
1 creature vanquished.

Grand Total: 148 creatures vanquished

Notes
Turn   | Place    | Note
-------+----------+-------------------------------------------
     0 | D:1      | cforsyth the Kobold Brigand began the quest for the Orb.
     0 | D:1      | Reached XP level 1. HP: 12/12 MP: 1/1
   100 | D:1      | Reached XP level 2. HP: 18/18 MP: 2/2
   310 | D:1      | Found a faded altar of an unknown god.
   591 | D:1      | Reached XP level 3. HP: 11/22 MP: 3/3
  1289 | D:2      | Reached XP level 4. HP: 10/27 MP: 4/4
  1685 | D:2      | Reached skill level 6 in Stealth
  2231 | D:3      | Found a burning altar of Makhleb.
  2233 | D:3      | Noticed an Executioner
  2234 | D:3      | Noticed an orange demon
  2234 | D:3      | Noticed a hellwing
  2290 | D:3      | Found a shadowy altar of Dithmenos.
  2328 | D:3      | Reached XP level 5. HP: 32/32 MP: 5/5
  2838 | D:3      | Found an ancient bone altar of Kikubaaqudgha.
  2840 | D:3      | Noticed a human
  2841 | D:3      | Killed a human
  3400 | D:4      | Found a staircase to the Ecumenical Temple.
  3515 | Temple   | Entered the Ecumenical Temple
  3889 | Temple   | Reached XP level 6. HP: 10/38 MP: 6/6
  4255 | D:4      | Found a transporter.
  4289 | D:4      | Found a snail-covered altar of Cheibriados.
  4403 | D:4      | Found a transporter.
  4545 | D:5      | Entered Level 5 of the Dungeon
  4673 | D:5      | Noticed a black bear
  4676 | D:5      | Killed a black bear
  4677 | D:5      | Reached skill level 5 in Short Blades
  4677 | D:5      | Reached skill level 7 in Stealth
  4677 | D:5      | Reached XP level 7. HP: 43/43 MP: 7/7
  4677 | D:5      | Found a glowing golden altar of the Shining One.
  5265 | D:5      | Found a broken altar of Ashenzari.
  5489 | D:5      | Found a blossoming altar of Fedhas.
  5489 | D:5      | Found a sparkling altar of Nemelex Xobeh.
  5489 | D:5      | Found a bloodstained altar of Trog.
  5568 | D:6      | Found Womianem's Jewellery Boutique.
  5573 | D:6      | Reached skill level 5 in Fighting
  5573 | D:6      | Reached skill level 5 in Dodging
  5573 | D:6      | Reached skill level 8 in Stealth
  5573 | D:6      | Reached XP level 8. HP: 49/49 MP: 8/8
  5748 | D:6      | Found a glowing drain.
  5752 | Sewer    | Entered a sewer
  6754 | D:7      | Found a glowing silver altar of Zin.
  6803 | D:7      | Found Etteom's Distillery.
  6842 | D:7      | Noticed a brown ugly thing
  6851 | D:7      | Killed a brown ugly thing
  6852 | D:7      | Reached skill level 9 in Stealth
  6852 | D:7      | Reached XP level 9. HP: 13/56 MP: 9/9
  7238 | D:6      | Slain by an ice beast

Illustrated notes

Levels and vault maps discovered:
D:1:      sevenhm_arrival_forest_fort_small_3, layout_loops_corners,
          shapermc_ecumenical_altar_acropolis
D:2:      layout_basic, minmay_fractal_squares_5
D:3:      layout_loops_ring, lemuel_crystal_altar, tgw_kikubaaqudgha,
          makhleb_altar_promises_db, chequers_garden, item_on_display_b
D:4:      gammafunk_steamed_eel, layout_basic, mainiacjoe_overflow_boulevard,
          minmay_temple_entry_hall, minmay_a_box_with_orc_wizards_in_it
D:5:      layout_gridville, mainiacjoe_overflow_catwalk,
          gammafunk_temple_overflow_forgotten, ashenzari_conservatory_becter
D:6:      layout_rooms, serial_shops, shop, gup_sewer_entry_bowl,
          grunt_decor_junction, uniq_crazy_yiuf_cottage
D:7:      cheibrodos_steamvent, layout_basic, zin_statuary, serial_shops,
          nicolae_shop_statue_plus, hex_tiny, minmay_manual_mandibuliform
Temple:   dpeg_three_leaves_temple

Skill      XL: |  1  2  3  4  5  6  7  8  9 |
---------------+----------------------------+-----
Short Blades   | 3 4 5 6 7 8 |  8.0
Dodging        | 2 3 4 5 6 7 |  7.0
Fighting       | 3 4 5 6 |  6.7
Stealth        | 6 7 8 9 |  9.8
Throwing       | |  2.1

Action                     |  1- 3 |  4- 6 |  7- 9 || total
---------------------------+-------+-------+-------++-------
  Melee: Dagger            |    83 |   171 |   178 ||   432
         Punch             |     1 |       |     6 ||     7
         Rapier            |       |       |    65 ||    65
  Evoke: Wand              |       |       |     3 ||     3
    Use: Potion            |       |     6 |     1 ||     7
         Scroll            |       |    11 |     4 ||    15
   Stab: Sleeping          |    16 |    29 |    21 ||    66
         Distracted        |       |     3 |       ||     3
 Armour: Robe              |    13 |    18 |    30 ||    61
  Dodge: Dodged            |    62 |   117 |   169 ||   348

Table legend: (Time is in decaauts)
 A = Elapsed time spent in this place.
 B = Non-inter-level travel time spent in this place.
 C = Inter-level travel time spent in this place.
 D = Time resting spent in this place.
 E = Time spent auto-exploring this place.
 F = Levels seen in this place.
 G = Mean time per level.
                   A        B        C        D        E       F      G
               +--------+--------+--------+--------+--------+-----+--------+
         Total |   7152 |   6996 |    156 |   1383 |   4244 |   9 |  794.7 |
       Dungeon |   6368 |   6227 |    141 |    912 |   4067 |   7 |  909.7 |
        Temple |    610 |    595 |     15 |    471 |     63 |   1 |  610.0 |
         Sewer |    173 |    173 |      0 |      0 |    113 |   1 |  173.0 |
               +--------+--------+--------+--------+--------+-----+--------+

Top non-repeatable levels by time:
     D:2: 1142 daAuts
     D:1: 1117 daAuts
     D:7: 1024 daAuts
     D:3: 1015 daAuts
     D:5: 929 daAuts
     D:4: 649 daAuts
  Temple: 610 daAuts
     D:6: 491 daAuts
   Sewer: 173 daAuts
